 Dungeon Crawl Stone Soup version 0.28.0-45-g0d030f2227 (webtiles) character file.

Game seed: 3541837365614264941

487 CryoSword the Digger (level 7, -2/40 HPs)
             Began as a Gargoyle Earth Elementalist on Apr 15, 2022.
             Slain by Duvessa
             ... wielding a +5 rapier of venom
              (15 damage)
             ... on level 4 of the Dungeon.
             The game lasted 00:05:25 (4302 turns).

CryoSword the Digger (Gargoyle Earth Elementalist)  Turns: 4302, Time: 00:05:26

Health: -2/40      AC: 15    Str: 11    XL:     7   Next: 13%
Magic:  6/10       EV: 10    Int: 18    God:
Gold:   156        SH:  0    Dex: 10    Spells: 4/10 levels left

rFire   . . .      SeeInvis .   k - +0 dagger (venom)
rCold   . . .      Faith    .   (no shield)
rNeg    + . .      Spirit   .   i - +0 ring mail
rPois   ∞          Reflect  .   (no helmet)
rElec   +          Harm     .   (no cloak)
rCorr   .          Rampage  .   (no gloves)
Will    .....                   m - +1 pair of boots
Stlth   +.........              (no amulet)
HPRegen 0.13/turn               h - +4 ring of protection
MPRegen 0.12/turn               (no ring)

@: lit by a corona, glowing
A: sickness immunity, AC +4, negative energy resistance 1, electricity
resistance, torment resistance 1, petrification resistance
a: no special abilities


You were on level 4 of the Dungeon.
You visited 1 branch of the dungeon, and saw 4 of its levels.

You collected 156 gold pieces.

Inventory:

Hand Weapons
 k - a +0 dagger of venom (weapon)
   (You took it off a goblin on level 3 of the Dungeon)
Missiles
 c - 84 stones
Armour
 i - a +0 ring mail (worn)
   (You took it off an orc on level 2 of the Dungeon)
 m - a +1 pair of boots (worn)
   (You found it on level 2 of the Dungeon)
Jewellery
 h - a +4 ring of protection (left hand)
   (You found it on level 1 of the Dungeon)
Scrolls
 a - 3 scrolls of blinking
 d - a scroll of magic mapping {unknown}
Potions
 b - a potion of brilliance {unknown}
 e - a potion of heal wounds {unknown}
 f - a potion of attraction {unknown}
 g - 2 potions of cancellation
 l - 2 potions of curing {@q1}


   Skills:
 + Level 2.6 Fighting
 * Level 3.2 Maces & Flails
 - Level 2.0 Dodging
 - Level 2.1 Stealth
 - Level 2.0 Spellcasting
 * Level 4.0 Conjurations
 - Level 0.7 Transmutations
 * Level 5.9 Earth Magic


You had 4 spell levels left.
You knew the following spells:

 Your Spells              Type           Power      Damage    Failure   Level
a - Sandblast             Erth           46%        2d11      3%          1
b - Stone Arrow           Conj/Erth      38%        3d9       17%         3
P - Passwall              Tmut/Erth      10%        N/A       17%         2

Your spell library contained the following spells:

 Spells                   Type           Power      Damage    Failure   Level
 Dazzling Flash           Conj/Hex       18%        N/A       50%         3
 Petrify                  Tmut/Erth      13%        N/A       75%         4
 Portal Projectile        Hex/Tloc       2%         N/A       78%         3
 Agony                    Necr           1%         N/A       100%        5
 Blade Hands              Tmut           2%         N/A       100%        5
 Excruciating Wounds      Necr           0%         N/A       100%        5
 Silence                  Hex/Air        0%         N/A       100%        5


Dungeon Overview and Level Annotations

Branches:
Dungeon (4/15)
 Temple: D:4-7

Altars:

Annotations:
D:4 Dowan, Duvessa


Innate Abilities, Weirdness & Mutations

You are immune to sickness and miasma.
Your stone body is resilient. (AC +4)
You are immune to poison.
You resist negative energy. (rN+)
You are resistant to electric shocks. (rElec)
You are resistant to unholy torment.
You are immune to petrification.


Message History

The wyvern zombie bites you!
Aim: a wyvern zombie (lightly damaged, 93% to hit)
The blast of sand misses the wyvern zombie.
The wyvern zombie closely misses you.
You hit the wyvern zombie but do no damage.
The wyvern zombie barely misses you.
You hit the wyvern zombie. The wyvern zombie closely misses you.
The wyvern zombie barely misses you.
You hit the wyvern zombie but do no damage.
The wyvern zombie bites you but does no damage.
You hit the wyvern zombie. The wyvern zombie misses you.
You hit the wyvern zombie but do no damage.
The wyvern zombie misses you. The wyvern zombie closely misses you.
Aim: a wyvern zombie (moderately damaged, 93% to hit)
The blast of sand hits the wyvern zombie!
The wyvern zombie bites you.
Aim: a wyvern zombie (heavily damaged, 93% to hit)
The blast of sand hits the wyvern zombie.
The wyvern zombie bites you!
* * * LOW HITPOINT WARNING * * *
Aim: a wyvern zombie (heavily damaged, 93% to hit)
The blast of sand hits the wyvern zombie!
The wyvern zombie closely misses you.
The wyvern zombie bites you but does no damage.
You see here a +0 whip.
The wyvern zombie bites you but does no damage.
Aim: a wyvern zombie (severely damaged, 93% to hit)
The blast of sand hits the wyvern zombie!
The wyvern zombie bites you!
* * * LOW HITPOINT WARNING * * *
The wyvern zombie completely misses you.
Aim: a wyvern zombie (almost destroyed, 93% to hit)
The blast of sand hits the wyvern zombie!
You destroy the wyvern zombie!
Your Conjurations skill increases to level 4!
You have reached level 7!
You start resting.
You start resting.
c - 72 stones (gained 18) Duvessa, Dowan and a kobold come into view.
Duvessa is wielding a +5 rapier of venom.
The kobold shouts!
You see here a +0 whip.
Dowan casts a spell at you. The puff of frost hits you.
Dowan points at you and mumbles some strange words.
The puff of flame hits you!
There is a stone staircase leading up here.
You climb upwards.
There is a stone staircase leading down here.
You see here a +0 dagger.
There is a stone staircase leading down here.
You start resting.
You climb downwards.
Level annotation: Dowan, Duvessa The hobgoblin shouts!
The goblin shouts!
You hear a shout!
The kobold shouts!
The goblin unwields a +0 club.
The goblin wields a +0 hunting sling.
The goblin shoots a stone.
The stone hits you but does no damage.
Found 8 gold pieces.
There is a stone staircase leading up here.
Found 16 gold pieces.
A hobgoblin comes into view.
The hobgoblin hits you but does no damage.
The hobgoblin shouts!
You hit the hobgoblin.
The hobgoblin hits you but does no damage.
You hit the hobgoblin but do no damage.
The hobgoblin is poisoned.
The hobgoblin hits you but does no damage.
The goblin shoots a stone.
The stone hits you but does no damage.
You barely miss the hobgoblin.
The kobold hits you with a +0 short sword.
The hobgoblin barely misses you.
The goblin shoots a stone.
The stone hits you but does no damage.
You closely miss the hobgoblin.
You kill the hobgoblin!
The kobold hits you but does no damage.
The goblin shoots a stone.
The stone hits you but does no damage.
You closely miss the kobold.
The kobold hits you with a +0 short sword.
The hobgoblin barely misses you.
The goblin shoots a stone.
The stone closely misses you.
The stone hits the hobgoblin.
You hit the hobgoblin but do no damage.
The hobgoblin is poisoned.
You kill the hobgoblin!
The kobold hits you but does no damage.
You hit the kobold.
You kill the kobold!
The goblin shoots a stone.
The stone hits you but does no damage.
The goblin shoots a stone.
The stone closely misses you.
The goblin unwields a +0 hunting sling.
The goblin wields a +0 club.
The goblin barely misses you.
There is a stone staircase leading up here.
You hit the goblin.
The goblin is poisoned.
You kill the goblin!
No target in view!
c - 89 stones (gained 17)
Things that are here:
a +0 club; a +0 hunting sling A quokka comes into view.
There is a stone staircase leading up here.
Things that are here:
a +0 short sword; 8 gold pieces; a kobold corpse You barely miss the quokka.
The quokka closely misses you.
You barely miss the quokka.
The quokka twitches its whiskers.
The quokka bites you but does no damage.
You barely miss the quokka.
The quokka bites you but does no damage.
You miss the quokka. The quokka barely misses you. x2
You hit the quokka.
The quokka is poisoned.
The quokka closely misses you.
You hit the quokka.
You kill the quokka!
You now have 156 gold pieces (gained 16).
Dowan shouts!
Found a ring mail.
Dowan gestures at you while chanting.
You are outlined in light.
You closely miss Duvessa. You hit Duvessa.
Duvessa is poisoned.
Duvessa barely misses you.
You hit Duvessa but do no damage.
Duvessa looks as sick as possible!
Duvessa hits you but does no damage.
Aim: Duvessa, wielding a +5 rapier of venom and wearing a +0 leather armour (lightly wounded, extremely poisoned, 83% to hit)
The blast of sand hits Duvessa.
Dowan hits you with a +0 dagger.
Duvessa hits you with a +5 rapier of venom!
Aim: Duvessa, wielding a +5 rapier of venom and wearing a +0 leather armour (lightly wounded, extremely poisoned, 83% to hit)
The blast of sand hits Duvessa.
Dowan smirks and points a slender finger.
Dowan misses you. Duvessa hits you but does no damage.
Aim: Duvessa, wielding a +5 rapier of venom and wearing a +0 leather armour (moderately wounded, extremely poisoned, 83% to hit)
The blast of sand hits Duvessa.
Dowan points at you and mumbles some strange words.
The puff of flame hits you but does no damage.
Duvessa hits you with a +5 rapier of venom!
* * * LOW HITPOINT WARNING * * *
Duvessa hits you with a +5 rapier of venom.
* * * LOW HITPOINT WARNING * * *
You barely miss Dowan. Your punch misses Dowan.
Dowan points at Duvessa and mumbles some strange words.
Duvessa seems to speed up.
You closely miss Dowan. You hit Duvessa but do no damage.
Duvessa looks as sick as possible!
Aim: Duvessa, wielding a +5 rapier of venom and wearing a +0 leather armour (severely wounded, fast, extremely poisoned, 83% to hit)
The blast of sand hits Duvessa but does no damage.
Duvessa hits you with a +5 rapier of venom.
* * * LOW HITPOINT WARNING * * *
Dowan gestures wildly while chanting.
Dowan blinks!
Duvessa barely misses you.
Aim: Duvessa, wielding a +5 rapier of venom and wearing a +0 leather armour (severely wounded, fast, extremely poisoned, 83% to hit)
The blast of sand hits Duvessa but does no damage.
Duvessa hits you with a +5 rapier of venom!
You die...

..##..... #.....)<..
..e..... ##.#.##..)
[......# ..####..
...e...####.........
......##.##.#####.#
##.....##.# ##.
#.....e...# ####.
###....##...###.##.
#.@e...###...#.....
###.....#......#...
###...#.....#####
######....# #.####
###


You could see Duvessa (fast, extremely poisoned) and Dowan.

Vanquished Creatures
  Sigmund (D:2)
  A wyvern zombie (D:4)
  A scorpion (D:3)
  2 orc wizards
  2 hound skeletons
  3 adders
  An adder skeleton (D:4)
  2 worms
  A dart slug (D:1)
  4 orcs
  A bat skeleton (D:2)
  A bat zombie (D:2)
  4 endoplasms
  2 giant cockroaches (D:2)
  9 goblins
  8 hobgoblins
  6 jackals
  6 quokkas
  8 ball pythons
  A ball python skeleton (D:2)
  9 bats
  2 frilled lizards
  7 kobolds
  2 quokka skeletons (D:2)
  3 rats
87 creatures vanquished.

Notes
Turn   | Place    | Note
-------+----------+-------------------------------------------
     0 | D:1      | CryoSword the Gargoyle Earth Elementalist began the quest
                  | for the Orb.
     0 | D:1      | Reached XP level 1. HP: 10/10 MP: 3/3
   216 | D:1      | Reached XP level 2. HP: 16/16 MP: 0/5
   344 | D:1      | Reached skill level 1 in Conjurations
   557 | D:1      | Learned a level 2 spell: Passwall
   637 | D:1      | Reached skill level 4 in Earth Magic
   974 | D:1      | Reached XP level 3. HP: 14/20 MP: 6/6
   978 | D:1      | Learned a level 3 spell: Stone Arrow
  1569 | D:2      | Noticed Sigmund
  1585 | D:2      | Killed Sigmund
  1586 | D:2      | Reached skill level 1 in Fighting
  1586 | D:2      | Reached skill level 5 in Earth Magic
  1586 | D:2      | Reached XP level 4. HP: 26/26 MP: 1/7
  1586 | D:2      | Reached XP level 5. HP: 30/30 MP: 1/8
  1586 | D:2      | You fall into a shaft and drop 1 floor!
  2127 | D:2      | Reached XP level 6. HP: 35/35 MP: 9/9
  3835 | D:4      | Reached XP level 7. HP: 3/40 MP: 4/10
  4125 | D:4      | Noticed Duvessa
  4125 | D:4      | Noticed Dowan
  4302 | D:4      | Slain by Duvessa

Illustrated notes

Levels and vault maps discovered:
D:1:      matt_arrival_spirals, layout_basic
D:2:      layout_loops_cross, serial_undead, serial_undead_d, serial_undead_c,
          serial_undead_a, serial_undead_f, serial_undead_b, minmay_quantized,
          uniq_sigmund
D:3:      layout_loops_cross, hangedman_feature_mirror, minmay_vboxes
D:4:      layout_cave_pools, minmay_temple_entry_proselytizer, uniq_pikel,
          uniq_duvessa

Skill      XL: |  1  2  3  4  5  6 |
---------------+-------------------+-----
Conjurations   | 1 2 3 4 |  4.0
Earth Magic    | 4 5 |  5.9
Fighting       | 1 2 |  2.6
Maces & Flails | 2 3 |  3.2
Dodging        | 2 |  2.0
Stealth        | |  2.1
Spellcasting   | |  2.0
Transmutations | |  0.7

Action                   |  1- 3 |  4- 6 |  7- 9 || total
-------------------------+-------+-------+-------++-------
Melee: Unarmed           |     4 |       |       ||     4
       Short sword       |    26 |    99 |       ||   125
       Dagger            |       |    34 |    20 ||    54
       Punch             |       |     1 |       ||     1
 Cast: Sandblast         |    24 |    31 |     5 ||    60
  Use: Scroll            |       |     6 |       ||     6
 Stab: Sleeping          |     1 |     4 |       ||     5
Armor: Robe              |    11 |    90 |       ||   101
       Ring mail         |       |     7 |    15 ||    22
Dodge: Dodged            |    32 |   120 |    12 ||   164
